LOS ANGELES vs CHICAGO

Created - February-18-21 at 14:37

Goals
1 2 3 T
LOS ANGELES 1 2 1 4
CHICAGO 1 1 0 2
Shots
1 2 3 T
LOS ANGELES 12 8 10 30
CHICAGO 9 5 10 24

1st period

1. CHICAGO , Nick Leddy 6 (Gustav Nyquist 7, Cody Eakin 10) at 0:24
2. LOS ANGELES , Artem Anisimov 3 (Josh Manson 5, Kris Letang 13) at 11:14

Penalties :
Ryan McDonagh (LOS) for Hooking (Minor) at 4:38, Nick Leddy (CHI) for Roughing (Minor) at 9:07, Kris Letang (LOS) for Roughing (Minor) at 17:51

2nd period

3. CHICAGO , Haydn Fleury 1 (Erik Haula 7, Frans Nielsen 10) at 1:15 (PP)
4. LOS ANGELES , Nick Bonino 9 (Jonathan Toews 17) at 6:07 (PP)
5. LOS ANGELES , Vladislav Namestnikov 3 (Travis Zajac 4, Zdeno Chara 9) at 7:43

Penalties :
Mika Zibanejad (LOS) for Hooking (Minor) at 0:03, Milan Lucic (CHI) for Hooking (Minor) at 6:05

3rd period

6. LOS ANGELES , Travis Zajac 1 (Vladislav Namestnikov 3, Johnny Boychuk 6) at 16:15

Penalties :
Travis Dermott (CHI) for Tripping (Minor) at 13:48, Mark Pysyk (CHI) for Interference (Minor) at 19:55

Goalie Stats

Antti Raanta (LOS), 22 saves from 24 shots - (0.917), W, 13-10-1, 60:00 minutes
James Reimer (CHI), 26 saves from 30 shots - (0.867), L, 10-12-3, 60:00 minutes

Players Stats for LOS ANGELES

Player Name              G  A  P  +/- PIM S  H  SB GA TA FO     MP     PP MP  PK MP  
------------------------------------------------------------------------------------
Alex Goligoski           0  0  0   1  0   2  0  0  0  0  0/0    20:26   1:48   2:30 
Artem Anisimov           1  0  1   3  0   3  0  1  0  0  1/1    12:49   0:00   0:00 
Gabriel Bourque          0  0  0   0  0   2  0  0  0  0  0/0     6:58   0:00   0:00 
Johnny Boychuk           0  1  1   2  0   0  1  1  0  0  0/0    15:32   0:00   0:00 
Jonathan Toews           0  1  1   0  0   2  3  0  0  0  12/24  19:27   1:46   3:10 
Josh Manson              0  1  1   2  0   0  5  0  0  0  0/0    17:38   0:00   2:06 
Kris Letang              0  1  1  -1  2   1  3  2  0  0  0/0    23:08   2:16   1:47 
Matthew Tkachuk          0  0  0  -1  0   2  4  0  0  0  0/2    20:46   2:18   2:00 
Mika Zibanejad           0  0  0  -1  2   5  0  0  0  0  11/25  20:20   2:18   1:35 
Mike Hoffman             0  0  0   0  0   1  0  0  0  0  0/0    16:17   1:46   0:00 
Nick Bonino              1  0  1   0  0   2  0  0  0  0  0/0    16:17   1:46   0:00 
Nick Cousins             0  0  0   0  0   0  1  0  0  0  4/7     6:58   0:00   0:00 
Riley Nash               0  0  0   0  0   1  1  0  0  0  0/1     6:58   0:00   0:00 
Ryan McDonagh            0  0  0  -1  2   1  0  1  0  0  0/0    22:48   2:16   1:27 
Travis Zajac             1  1  2   3  0   3  1  0  0  0  6/8    13:21   0:00   0:32 
Tyler Seguin             0  0  0  -1  0   1  0  0  0  0  0/1    20:46   2:18   2:00 
Vladislav Namestnikov    1  1  2   3  0   3  1  0  0  0  1/1    13:52   0:00   1:03 
Zdeno Chara              0  1  1   1  0   1  2  0  0  0  0/0    20:26   1:48   2:30 

Players Stats for CHICAGO

Player Name              G  A  P  +/- PIM S  H  SB GA TA FO     MP     PP MP  PK MP  
------------------------------------------------------------------------------------
Brandon Sutter           0  0  0  -2  0   3  0  1  0  0  6/13   13:33   0:00   0:29 
Brendan Perlini          0  0  0  -1  0   0  0  0  0  0  1/1     7:28   0:00   0:35 
Brett Murray             0  0  0  -1  0   0  0  0  0  0  1/1     6:53   0:00   0:00 
Cody Eakin               0  1  1   1  0   2  2  0  0  0  0/0    19:31   3:01   0:00 
Connor Bunnaman          0  0  0  -1  0   1  0  0  0  0  4/7     6:53   0:00   0:00 
Erik Haula               0  1  1   0  0   2  0  0  0  0  1/1    16:28   2:09   0:00 
Frans Nielsen            0  1  1   0  0   2  0  0  0  0  9/22   18:04   2:09   1:36 
Gustav Nyquist           0  1  1   1  0   4  0  0  0  0  2/4    21:10   3:01   1:39 
Haydn Fleury             1  0  1  -2  0   3  2  1  0  0  0/0    18:49   1:41   0:53 
Mark Pysyk               0  0  0  -1  2   0  0  1  0  0  0/0    17:24   0:44   1:52 
Michael Del Zotto        0  0  0  -1  0   0  2  0  0  0  0/0    17:25   0:44   1:52 
Mikkel Boedker           0  0  0  -2  0   2  0  0  0  0  0/1    13:38   0:00   0:34 
Milan Lucic              0  0  0   0  2   2  0  0  0  0  0/0    18:01   2:09   1:34 
Nick Leddy               1  0  1   1  2   1  3  1  0  0  0/0    22:06   2:45   1:04 
Sven Baertschi           0  0  0  -2  0   0  0  0  0  0  2/2    13:04   0:00   0:00 
Travis Dermott           0  0  0  -2  2   0  4  1  0  0  0/0    18:39   1:41   0:44 
Tyler Bozak              0  0  0   1  0   2  0  0  0  0  9/18   21:12   3:01   1:41 
Tyson Barrie             0  0  0   1  0   0  2  0  0  0  0/0    22:46   2:45   1:43 

3 Stars

1 - Vladislav Namestnikov (LOS)
2 - Travis Zajac (LOS)
3 - Artem Anisimov (LOS)

Power Play

LOS ANGELES - 1 on 4 Attempt(s) - 25.00%
CHICAGO - 1 on 3 Attempt(s) - 33.33%

Penalty Kill

LOS ANGELES - 2 on 3 Attempt(s) - 66.67% - Score 0 goal in Penalty Kill
CHICAGO - 3 on 4 Attempt(s) - 75.00% - Score 0 goal in Penalty Kill

Team Stat

LOS ANGELES - Hits : 22 - Faceoff Wins : 35 - Blocked Shots : 5 - Penalty Minutes : 6
CHICAGO - Hits : 15 - Faceoff Wins : 35 - Blocked Shots : 5 - Penalty Minutes : 8

Official

Referees : Mike Campbell and Pierre Lambert
Linesman : Kyle Allen and Jesse Marquis

Game Notes

No Game Note

Finance

Level 1 -- Attendance: 3976 (66.27%) -- Ticket Income $397,600
Level 2 -- Attendance: 3479 (69.58%) -- Ticket Income $226,135
Level 3 -- Attendance: 802 (40.10%) -- Ticket Income $60,150
Level 4 -- Attendance: 1600 (40.00%) -- Ticket Income $80,000
Luxury Box -- Attendance: 598 (59.80%) -- Ticket Income $149,500
Game was played at the United Center.
Total Attendance: 10455 (58.08%)
Total Ticket Income: $913,385
Total Income: $913,385

LOS ANGELES

5 vs 5 Forward 
   Center                   Left Wing                Right Wing               Time % Phy DF OF 
 1 Mika Zibanejad           Matthew Tkachuk          Tyler Seguin             40     1   2  2  
 2 Jonathan Toews           Nick Bonino              Mike Hoffman             35     1   2  2  
 3 Travis Zajac             Vladislav Namestnikov    Artem Anisimov           20     1   2  2  
 4 Nick Cousins             Gabriel Bourque          Riley Nash               5      1   2  2  

5 vs 5 Defense 
   Defense                  Defense                                           Time % Phy DF OF 
 1 Kris Letang              Ryan McDonagh                                     35     1   2  2  
 2 Zdeno Chara              Alex Goligoski                                    30     1   2  2  
 3 Johnny Boychuk           Josh Manson                                       25     1   2  2  
 4 Kris Letang              Ryan McDonagh                                     10     1   2  2  

PowerPlay Forward 
   Center                   Left Wing                Right Wing               Time % Phy DF OF 
 1 Mika Zibanejad           Matthew Tkachuk          Tyler Seguin             60     1   2  2  
 2 Jonathan Toews           Nick Bonino              Mike Hoffman             40     1   2  2  

PowerPlay Defense
   Defense                  Defense                                           Time % Phy DF OF 
 1 Kris Letang              Ryan McDonagh                                     60     1   2  2  
 2 Zdeno Chara              Alex Goligoski                                    40     1   2  2  

Penalty Kill 4 Players Forward 
   Center                   Wing                     Time % Phy DF OF 
 1 Mika Zibanejad           Jonathan Toews           60     1   2  2  
 2 Matthew Tkachuk          Tyler Seguin             40     1   2  2  

Penalty Kill 4 Players Defense
   Defense                  Defense                  Time % Phy DF OF 
 1 Kris Letang              Ryan McDonagh            60     1   2  2  
 2 Zdeno Chara              Alex Goligoski           40     1   2  2  

Penalty Kill - 3 Players Forward 
   Forward                                           Time % Phy DF OF 
 1 Mika Zibanejad                                    60     1   2  2  
 2 Jonathan Toews                                    40     1   2  2  

Penalty Kill - 3 Players Defense
   Defense                  Defense                  Time % Phy DF OF 
 1 Kris Letang              Ryan McDonagh            60     1   2  2  
 2 Zdeno Chara              Alex Goligoski           40     1   2  2  

4 vs 4 Forward 
   Center                   Wing                     Time % Phy DF OF 
 1 Mika Zibanejad           Jonathan Toews           60     1   2  2  
 2 Matthew Tkachuk          Tyler Seguin             40     1   2  2  

4 vs 4 Defense
   Defense                  Defense                  Time % Phy DF OF 
 1 Kris Letang              Ryan McDonagh            60     1   2  2  
 2 Zdeno Chara              Alex Goligoski           40     1   2  2  

Last Minutes Offensive
   Center                   Left Wing                Right Wing               Defense                  Defense                  
   Mika Zibanejad           Matthew Tkachuk          Tyler Seguin             Kris Letang              Ryan McDonagh            

Last Minutes Defensive
   Center                   Left Wing                Right Wing               Defense                  Defense                  
   Mika Zibanejad           Matthew Tkachuk          Tyler Seguin             Kris Letang              Ryan McDonagh            

Goaltenders
Starting : Antti Raanta             
Backup : Jaroslav Halak           

Extra Forwards
Normal : Tyler Seguin, Travis Zajac, Vladislav Namestnikov - PP : Tyler Seguin, Travis Zajac - PK : Vladislav Namestnikov
Extra Defensemen
Normal : Johnny Boychuk, Josh Manson, Zdeno Chara - PP : Johnny Boychuk - PK : Josh Manson, Zdeno Chara
Penalty Shots
Mika Zibanejad, Jonathan Toews, Tyler Seguin, Matthew Tkachuk, Mike Hoffman

Scratches
None

CHICAGO

5 vs 5 Forward 
   Center                   Left Wing                Right Wing               Time % Phy DF OF 
 1 Tyler Bozak              Cody Eakin               Gustav Nyquist           35     1   2  2  
 2 Frans Nielsen            Erik Haula               Milan Lucic              30     1   2  2  
 3 Brandon Sutter           Mikkel Boedker           Sven Baertschi           25     1   2  2  
 4 Connor Bunnaman          Brett Murray             Brendan Perlini          10     1   2  2  

5 vs 5 Defense 
   Defense                  Defense                                           Time % Phy DF OF 
 1 Tyson Barrie             Nick Leddy                                        35     1   2  2  
 2 Travis Dermott           Haydn Fleury                                      30     1   2  2  
 3 Michael Del Zotto        Mark Pysyk                                        25     1   2  2  
 4 Tyson Barrie             Nick Leddy                                        10     1   2  2  

PowerPlay Forward 
   Center                   Left Wing                Right Wing               Time % Phy DF OF 
 1 Tyler Bozak              Cody Eakin               Gustav Nyquist           60     1   2  2  
 2 Frans Nielsen            Erik Haula               Milan Lucic              40     1   2  2  

PowerPlay Defense
   Defense                  Defense                                           Time % Phy DF OF 
 1 Tyson Barrie             Nick Leddy                                        60     1   2  2  
 2 Travis Dermott           Haydn Fleury                                      40     1   2  2  

Penalty Kill 4 Players Forward 
   Center                   Wing                     Time % Phy DF OF 
 1 Gustav Nyquist           Tyler Bozak              60     1   2  2  
 2 Frans Nielsen            Milan Lucic              40     1   2  2  

Penalty Kill 4 Players Defense
   Defense                  Defense                  Time % Phy DF OF 
 1 Tyson Barrie             Nick Leddy               60     1   2  2  
 2 Michael Del Zotto        Mark Pysyk               40     1   2  2  

Penalty Kill - 3 Players Forward 
   Forward                                           Time % Phy DF OF 
 1 Gustav Nyquist                                    60     1   2  2  
 2 Tyler Bozak                                       40     1   2  2  

Penalty Kill - 3 Players Defense
   Defense                  Defense                  Time % Phy DF OF 
 1 Tyson Barrie             Nick Leddy               60     1   2  2  
 2 Michael Del Zotto        Mark Pysyk               40     1   2  2  

4 vs 4 Forward 
   Center                   Wing                     Time % Phy DF OF 
 1 Gustav Nyquist           Tyler Bozak              60     1   2  2  
 2 Frans Nielsen            Milan Lucic              40     1   2  2  

4 vs 4 Defense
   Defense                  Defense                  Time % Phy DF OF 
 1 Tyson Barrie             Nick Leddy               60     1   2  2  
 2 Michael Del Zotto        Mark Pysyk               40     1   2  2  

Last Minutes Offensive
   Center                   Left Wing                Right Wing               Defense                  Defense                  
   Tyler Bozak              Cody Eakin               Gustav Nyquist           Tyson Barrie             Nick Leddy               

Last Minutes Defensive
   Center                   Left Wing                Right Wing               Defense                  Defense                  
   Tyler Bozak              Cody Eakin               Gustav Nyquist           Tyson Barrie             Nick Leddy               

Goaltenders
Starting : James Reimer             
Backup : Cory Schneider           

Extra Forwards
Normal : Brett Murray, Brandon Sutter, Mikkel Boedker - PP : Brett Murray, Brandon Sutter - PK : Mikkel Boedker
Extra Defensemen
Normal : Travis Dermott, Haydn Fleury, Michael Del Zotto - PP : Travis Dermott - PK : Haydn Fleury, Michael Del Zotto
Penalty Shots
Gustav Nyquist, Tyler Bozak, Frans Nielsen, Milan Lucic, Cody Eakin

Scratches
Mason Appleton (Healthy), CHI Cap Hit (Suspend), Tyler Lewington (Healthy), Nikita Nesterov (Healthy), Mike Smith (Healthy)

% Time on Ice - LOS ANGELES

Lines # - Real PCT - Wanted PCT - Time Play
Normal Forward
1 - 32% - 40% - 16:28
2 - 29% - 35% - 14:31
3 - 25% - 20% - 12:49
4 - 14% - 5% - 6:58
Normal Defense
1 - 32% - 35% - 16:24
2 - 32% - 30% - 16:08
3 - 31% - 25% - 15:32
4 - 5% - 10% - 2:42
PP Forward
1 - 57% - 60% - 2:18
2 - 43% - 40% - 1:46
PP Defense
1 - 56% - 60% - 2:16
2 - 44% - 40% - 1:48
PK Forward
1 - 61% - 60% - 3:10
2 - 39% - 40% - 2:00
PK Defense
1 - 52% - 60% - 2:40
2 - 48% - 40% - 2:30
PK3 Forward
1 - 0% - 60%
2 - 0% - 40%
PK3 Defense
1 - 0% - 60%
2 - 0% - 40%
44 Forward
1 - 0% - 60%
2 - 0% - 40%
44 Defense
1 - 0% - 60%
2 - 0% - 40%
Last Minute Offensive  - 0:00
Last Minute Defensive  - 0:00
Total
Forward - 60:00
Defense - 60:00

% Time on Ice - CHICAGO

Lines # - Real PCT - Wanted PCT - Time Play
Normal Forward
1 - 33% - 35% - 16:30
2 - 28% - 30% - 14:19
3 - 26% - 25% - 13:04
4 - 14% - 10% - 6:53
Normal Defense
1 - 33% - 35% - 16:36
2 - 32% - 30% - 16:15
3 - 29% - 25% - 14:49
4 - 6% - 10% - 3:06
PP Forward
1 - 58% - 60% - 3:01
2 - 42% - 40% - 2:09
PP Defense
1 - 67% - 60% - 3:29
2 - 33% - 40% - 1:41
PK Forward
1 - 61% - 60% - 2:28
2 - 39% - 40% - 1:36
PK Defense
1 - 54% - 60% - 2:12
2 - 46% - 40% - 1:52
PK3 Forward
1 - 0% - 60%
2 - 0% - 40%
PK3 Defense
1 - 0% - 60%
2 - 0% - 40%
44 Forward
1 - 0% - 60%
2 - 0% - 40%
44 Defense
1 - 0% - 60%
2 - 0% - 40%
Last Minute Offensive  - 0:00
Last Minute Defensive  - 0:00
Total
Forward - 60:00
Defense - 60:00

Play-by-Play

1st period


0:01 of 1st period - Tyler Bozak wins face-off versus Matthew Tkachuk in neutral zone.
0:20 of 1st period - Shot by Cody Eakin.
0:20 of 1st period - Shot Misses the Net.
0:22 of 1st period - Shot by Gustav Nyquist.
0:22 of 1st period - Shot Misses the Net.
0:24 of 1st period - Shot by Nick Leddy.
0:24 of 1st period - Goal by Nick Leddy - LOS ANGELES : 0 - CHICAGO : 1.
0:25 of 1st period - Jonathan Toews wins face-off versus Frans Nielsen in neutral zone.
0:56 of 1st period - Shot by Erik Haula.
0:56 of 1st period - Shot Misses the Net.
1:47 of 1st period - Shot by Sven Baertschi.
1:47 of 1st period - Shot Misses the Net.
2:00 of 1st period - Off-side.
2:01 of 1st period - Mika Zibanejad wins face-off versus Gustav Nyquist in neutral zone.
2:04 of 1st period - Shot by Matthew Tkachuk.
2:04 of 1st period - Stopped by James Reimer with a rebound.
2:26 of 1st period - Shot by Mika Zibanejad.
2:26 of 1st period - Stopped by James Reimer without a rebound.
2:27 of 1st period - Connor Bunnaman wins face-off versus Riley Nash in CHICAGO zone.
2:27 of 1st period - Connor Bunnaman is hit by Nick Cousins.
2:53 of 1st period - Shot by Riley Nash.
2:53 of 1st period - Shot Misses the Net.
2:55 of 1st period - Shot by Gabriel Bourque.
2:55 of 1st period - Stopped by James Reimer with a rebound.
2:57 of 1st period - Shot by Alex Goligoski.
2:57 of 1st period - Stopped by James Reimer without a rebound.
2:58 of 1st period - Mika Zibanejad wins face-off versus Tyler Bozak in CHICAGO zone.
3:20 of 1st period - Shot by Tyler Bozak.
3:20 of 1st period - Stopped by Antti Raanta without a rebound.
3:21 of 1st period - Sven Baertschi wins face-off versus Jonathan Toews in LOS ANGELES zone.
3:29 of 1st period - Icing by Josh Manson.
3:30 of 1st period - Jonathan Toews wins face-off versus Frans Nielsen in LOS ANGELES zone.
4:08 of 1st period - Icing by Tyson Barrie.
4:09 of 1st period - Mika Zibanejad wins face-off versus Frans Nielsen in CHICAGO zone.
4:10 of 1st period - Shot by Tyler Seguin.
4:10 of 1st period - Stopped by James Reimer without a rebound.
4:11 of 1st period - Tyler Bozak wins face-off versus Mika Zibanejad in CHICAGO zone.
4:17 of 1st period - Off-side.
4:18 of 1st period - Brandon Sutter wins face-off versus Tyler Seguin in neutral zone.
4:30 of 1st period - Brandon Sutter is hit by Kris Letang and loses puck.
4:38 of 1st period - Minor Penalty to Ryan McDonagh for Hooking.
4:39 of 1st period - Tyler Bozak wins face-off versus Mika Zibanejad in LOS ANGELES zone.
5:53 of 1st period - Shot by Milan Lucic.
5:53 of 1st period - Shot Misses the Net.
5:55 of 1st period - Shot by Erik Haula.
5:55 of 1st period - Stopped by Antti Raanta without a rebound.
5:56 of 1st period - Frans Nielsen wins face-off versus Matthew Tkachuk in LOS ANGELES zone.
7:01 of 1st period - Shot by Travis Zajac.
7:01 of 1st period - Shot Blocked by Mark Pysyk.
7:24 of 1st period - Icing by Mark Pysyk.
7:25 of 1st period - Jonathan Toews wins face-off versus Brandon Sutter in CHICAGO zone.
7:47 of 1st period - Icing by Michael Del Zotto.
7:48 of 1st period - Brandon Sutter wins face-off versus Mika Zibanejad in CHICAGO zone.
8:49 of 1st period - Alex Goligoski is hit by Cody Eakin and loses puck.
8:57 of 1st period - Gustav Nyquist is hit by Jonathan Toews and loses puck.
9:07 of 1st period - Minor Penalty to Nick Leddy for Roughing.
9:08 of 1st period - Frans Nielsen wins face-off versus Mika Zibanejad in CHICAGO zone.
9:58 of 1st period - Shot by Alex Goligoski.
9:58 of 1st period - Stopped by James Reimer without a rebound.
9:59 of 1st period - Gustav Nyquist wins face-off versus Jonathan Toews in CHICAGO zone.
10:16 of 1st period - Icing by Zdeno Chara.
10:17 of 1st period - Frans Nielsen wins face-off versus Jonathan Toews in LOS ANGELES zone.
10:32 of 1st period - Shot by Mike Hoffman.
10:32 of 1st period - Shot Misses the Net.
10:34 of 1st period - Shot by Zdeno Chara.
10:34 of 1st period - Stopped by James Reimer with a rebound.
10:54 of 1st period - Shot by Matthew Tkachuk.
10:54 of 1st period - Stopped by James Reimer with a rebound.
11:14 of 1st period - Shot by Artem Anisimov.
11:14 of 1st period - Goal by Artem Anisimov - LOS ANGELES : 1 - CHICAGO : 1.
11:15 of 1st period - Brandon Sutter wins face-off versus Travis Zajac in neutral zone.
11:42 of 1st period - Shot by Travis Zajac.
11:42 of 1st period - Shot Misses the Net.
11:48 of 1st period - Shot by Travis Zajac.
11:48 of 1st period - Stopped by James Reimer without a rebound.
11:49 of 1st period - Frans Nielsen wins face-off versus Jonathan Toews in CHICAGO zone.
11:56 of 1st period - Shot by Milan Lucic.
11:56 of 1st period - Stopped by Antti Raanta with a rebound.
11:59 of 1st period - Icing by Ryan McDonagh.
12:00 of 1st period - Jonathan Toews wins face-off versus Tyler Bozak in LOS ANGELES zone.
14:12 of 1st period - Shot by Artem Anisimov.
14:12 of 1st period - Stopped by James Reimer without a rebound.
14:13 of 1st period - Frans Nielsen wins face-off versus Nick Cousins in CHICAGO zone.
14:43 of 1st period - Shot by Erik Haula.
14:43 of 1st period - Stopped by Antti Raanta with a rebound.
14:45 of 1st period - Shot by Haydn Fleury.
14:45 of 1st period - Stopped by Antti Raanta without a rebound.
14:46 of 1st period - Connor Bunnaman wins face-off versus Jonathan Toews in LOS ANGELES zone.
14:46 of 1st period - Nick Leddy is hit by Zdeno Chara and loses puck.
15:14 of 1st period - Nick Leddy is hit by Zdeno Chara and loses puck.
16:13 of 1st period - Mika Zibanejad is hit by Haydn Fleury and loses puck.
16:21 of 1st period - Icing by Haydn Fleury.
16:22 of 1st period - Travis Zajac wins face-off versus Frans Nielsen in CHICAGO zone.
16:25 of 1st period - Shot by Artem Anisimov.
16:25 of 1st period - Shot Misses the Net.
16:27 of 1st period - Shot by Travis Zajac.
16:27 of 1st period - Shot Blocked by Travis Dermott.
16:29 of 1st period - Shot by Artem Anisimov.
16:29 of 1st period - Deflect By Vladislav Namestnikov.
16:29 of 1st period - Shot Misses the Net.
16:40 of 1st period - Vladislav Namestnikov is hit by Travis Dermott and loses puck.
16:47 of 1st period - Shot by Artem Anisimov.
16:47 of 1st period - Stopped by James Reimer without a rebound.
16:48 of 1st period - Jonathan Toews wins face-off versus Brandon Sutter in CHICAGO zone.
17:28 of 1st period - Shot by Zdeno Chara.
17:28 of 1st period - Deflect By Jonathan Toews.
17:28 of 1st period - Shot Blocked by Brandon Sutter.
17:44 of 1st period - Icing by Kris Letang.
17:45 of 1st period - Frans Nielsen wins face-off versus Mika Zibanejad in LOS ANGELES zone.
17:51 of 1st period - Minor Penalty to Kris Letang for Roughing.
17:52 of 1st period - Tyler Bozak wins face-off versus Mika Zibanejad in LOS ANGELES zone.
18:05 of 1st period - Shot by Gustav Nyquist.
18:05 of 1st period - Stopped by Antti Raanta with a rebound.
18:07 of 1st period - Shot by Cody Eakin.
18:07 of 1st period - Stopped by Antti Raanta with a rebound.
19:13 of 1st period - Shot by Frans Nielsen.
19:13 of 1st period - Stopped by Antti Raanta with a rebound.
Goals for this period are 1 for LOS ANGELES vs 1 for CHICAGO.
Shots for this period are 12 for LOS ANGELES vs 9 for CHICAGO.

2nd period


0:01 of 2nd period - Frans Nielsen wins face-off versus Mika Zibanejad in neutral zone.
0:03 of 2nd period - Minor Penalty to Mika Zibanejad for Hooking.
0:04 of 2nd period - Vladislav Namestnikov wins face-off versus Tyler Bozak in LOS ANGELES zone.
0:29 of 2nd period - Shot by Nick Leddy.
0:29 of 2nd period - Shot Misses the Net.
1:13 of 2nd period - Shot by Haydn Fleury.
1:13 of 2nd period - Stopped by Antti Raanta with a rebound.
1:15 of 2nd period - Shot by Haydn Fleury.
1:15 of 2nd period - Goal by Haydn Fleury - LOS ANGELES : 1 - CHICAGO : 2.
1:16 of 2nd period - Sven Baertschi wins face-off versus Mika Zibanejad in neutral zone.
1:18 of 2nd period - Mark Pysyk is hit by Johnny Boychuk and loses puck.
1:21 of 2nd period - Shot by Michael Del Zotto.
1:21 of 2nd period - Shot Misses the Net.
1:52 of 2nd period - Sven Baertschi is hit by Josh Manson and loses puck.
2:34 of 2nd period - Icing by Riley Nash.
2:35 of 2nd period - Tyler Bozak wins face-off versus Nick Cousins in LOS ANGELES zone.
2:40 of 2nd period - Shot by Gustav Nyquist.
2:40 of 2nd period - Stopped by Antti Raanta with a rebound.
3:36 of 2nd period - Shot by Vladislav Namestnikov.
3:36 of 2nd period - Shot Misses the Net.
3:58 of 2nd period - Shot by Jonathan Toews.
3:58 of 2nd period - Shot Misses the Net.
4:00 of 2nd period - Shot by Nick Bonino.
4:00 of 2nd period - Shot Misses the Net.
4:02 of 2nd period - Shot by Jonathan Toews.
4:02 of 2nd period - Shot Hit the Post.
4:17 of 2nd period - Jonathan Toews is hit by Nick Leddy and loses puck.
4:38 of 2nd period - Tyler Bozak is hit by Matthew Tkachuk and loses puck.
5:09 of 2nd period - Shot by Mika Zibanejad.
5:09 of 2nd period - Stopped by James Reimer with a rebound.
5:25 of 2nd period - Nick Cousins is hit by Tyson Barrie and loses puck.
5:31 of 2nd period - Nick Cousins is hit by Tyson Barrie and loses puck.
5:47 of 2nd period - Zdeno Chara is hit by Cody Eakin and loses puck.
6:05 of 2nd period - Minor Penalty to Milan Lucic for Hooking.
6:06 of 2nd period - Jonathan Toews wins face-off versus Frans Nielsen in CHICAGO zone.
6:07 of 2nd period - Shot by Nick Bonino.
6:07 of 2nd period - Goal by Nick Bonino - LOS ANGELES : 2 - CHICAGO : 2.
6:08 of 2nd period - Jonathan Toews wins face-off versus Frans Nielsen in neutral zone.
6:14 of 2nd period - Mike Hoffman is hit by Haydn Fleury and loses puck.
6:37 of 2nd period - Shot by Mike Hoffman.
6:37 of 2nd period - Deflect By Jonathan Toews.
6:37 of 2nd period - Stopped by James Reimer without a rebound.
6:38 of 2nd period - Brandon Sutter wins face-off versus Mika Zibanejad in CHICAGO zone.
7:43 of 2nd period - Shot by Vladislav Namestnikov.
7:43 of 2nd period - Goal by Vladislav Namestnikov - LOS ANGELES : 3 - CHICAGO : 2.
7:44 of 2nd period - Frans Nielsen wins face-off versus Jonathan Toews in neutral zone.
7:44 of 2nd period - Travis Dermott is hit by Josh Manson and loses puck.
7:58 of 2nd period - Shot by Jonathan Toews.
7:58 of 2nd period - Stopped by James Reimer without a rebound.
7:59 of 2nd period - Travis Zajac wins face-off versus Connor Bunnaman in CHICAGO zone.
7:59 of 2nd period - Alex Goligoski is hit by Travis Dermott and loses puck.
10:00 of 2nd period - Shot by Jonathan Toews.
10:00 of 2nd period - Shot Misses the Net.
10:34 of 2nd period - Shot by Nick Cousins.
10:34 of 2nd period - Shot Misses the Net.
11:33 of 2nd period - Milan Lucic is hit by Travis Zajac and loses puck.
11:53 of 2nd period - Shot by Mika Zibanejad.
11:53 of 2nd period - Stopped by James Reimer without a rebound.
11:54 of 2nd period - Jonathan Toews wins face-off versus Connor Bunnaman in CHICAGO zone.
11:56 of 2nd period - Nick Bonino is hit by Nick Leddy and loses puck.
12:15 of 2nd period - Shot by Connor Bunnaman.
12:15 of 2nd period - Stopped by Antti Raanta without a rebound.
12:16 of 2nd period - Tyler Bozak wins face-off versus Mika Zibanejad in LOS ANGELES zone.
12:24 of 2nd period - Cody Eakin is hit by Josh Manson and loses puck.
12:28 of 2nd period - Gustav Nyquist is hit by Josh Manson and loses puck.
13:26 of 2nd period - Icing by Ryan McDonagh.
13:27 of 2nd period - Frans Nielsen wins face-off versus Jonathan Toews in LOS ANGELES zone.
13:27 of 2nd period - Frans Nielsen is hit by Kris Letang.
13:42 of 2nd period - Nick Bonino is hit by Travis Dermott.
14:53 of 2nd period - Off-side.
14:54 of 2nd period - Mika Zibanejad wins face-off versus Tyler Bozak in neutral zone.
15:11 of 2nd period - Shot by Matthew Tkachuk.
15:11 of 2nd period - Shot Misses the Net.
15:26 of 2nd period - Matthew Tkachuk is hit by Nick Leddy and loses puck.
15:32 of 2nd period - Off-side.
15:33 of 2nd period - Brandon Sutter wins face-off versus Jonathan Toews in neutral zone.
15:51 of 2nd period - Shot by Brandon Sutter.
15:51 of 2nd period - Shot Misses the Net.
16:12 of 2nd period - Icing by Ryan McDonagh.
16:13 of 2nd period - Connor Bunnaman wins face-off versus Jonathan Toews in LOS ANGELES zone.
16:16 of 2nd period - Shot by Brendan Perlini.
16:16 of 2nd period - Shot Blocked by Kris Letang.
16:48 of 2nd period - Brendan Perlini is hit by Jonathan Toews and loses puck.
17:08 of 2nd period - Icing by Haydn Fleury.
17:09 of 2nd period - Tyler Bozak wins face-off versus Mika Zibanejad in CHICAGO zone.
17:09 of 2nd period - Tyler Bozak is hit by Matthew Tkachuk.
17:17 of 2nd period - Shot by Cody Eakin.
17:17 of 2nd period - Deflect By Gustav Nyquist.
17:17 of 2nd period - Shot Hit the Post.
17:35 of 2nd period - Shot by Mika Zibanejad.
17:35 of 2nd period - Stopped by James Reimer with a rebound.
17:45 of 2nd period - Shot by Mika Zibanejad.
17:45 of 2nd period - Shot Misses the Net.
17:47 of 2nd period - Shot by Tyler Seguin.
17:47 of 2nd period - Shot Blocked by Haydn Fleury.
18:17 of 2nd period - Shot by Vladislav Namestnikov.
18:17 of 2nd period - Stopped by James Reimer without a rebound.
18:18 of 2nd period - Nick Cousins wins face-off versus Frans Nielsen in CHICAGO zone.
18:33 of 2nd period - Tyson Barrie is hit by Riley Nash and loses puck.
19:55 of 2nd period - Shot by Brandon Sutter.
19:55 of 2nd period - Stopped by Antti Raanta without a rebound.
19:56 of 2nd period - Connor Bunnaman wins face-off versus Jonathan Toews in LOS ANGELES zone.
Goals for this period are 2 for LOS ANGELES vs 1 for CHICAGO.
Shots for this period are 8 for LOS ANGELES vs 5 for CHICAGO.

3rd period


0:01 of 3rd period - Mika Zibanejad wins face-off versus Frans Nielsen in neutral zone.
0:27 of 3rd period - Travis Dermott is hit by Matthew Tkachuk and loses puck.
1:06 of 3rd period - Shot by Tyler Bozak.
1:06 of 3rd period - Deflect By Cody Eakin.
1:06 of 3rd period - Stopped by Antti Raanta without a rebound.
1:07 of 3rd period - Jonathan Toews wins face-off versus Mikkel Boedker in LOS ANGELES zone.
1:33 of 3rd period - Mikkel Boedker is hit by Jonathan Toews and loses puck.
2:24 of 3rd period - Icing by Johnny Boychuk.
2:25 of 3rd period - Erik Haula wins face-off versus Travis Zajac in LOS ANGELES zone.
2:48 of 3rd period - Josh Manson is hit by Travis Dermott and loses puck.
3:23 of 3rd period - Shot by Gabriel Bourque.
3:23 of 3rd period - Stopped by James Reimer without a rebound.
3:24 of 3rd period - Mika Zibanejad wins face-off versus Tyler Bozak in CHICAGO zone.
3:35 of 3rd period - Shot by Mika Zibanejad.
3:35 of 3rd period - Stopped by James Reimer without a rebound.
3:36 of 3rd period - Brendan Perlini wins face-off versus Jonathan Toews in CHICAGO zone.
4:44 of 3rd period - Shot by Gustav Nyquist.
4:44 of 3rd period - Shot Blocked by Ryan McDonagh.
4:47 of 3rd period - Icing by Ryan McDonagh.
4:48 of 3rd period - Mika Zibanejad wins face-off versus Brandon Sutter in LOS ANGELES zone.
5:20 of 3rd period - Shot by Brandon Sutter.
5:20 of 3rd period - Stopped by Antti Raanta without a rebound.
5:21 of 3rd period - Travis Zajac wins face-off versus Tyler Bozak in LOS ANGELES zone.
5:34 of 3rd period - Shot by Travis Zajac.
5:34 of 3rd period - Stopped by James Reimer without a rebound.
5:35 of 3rd period - Nick Cousins wins face-off versus Frans Nielsen in CHICAGO zone.
5:35 of 3rd period - Nick Cousins is hit by Michael Del Zotto.
5:54 of 3rd period - Michael Del Zotto is hit by Josh Manson and loses puck.
5:59 of 3rd period - Shot by Frans Nielsen.
5:59 of 3rd period - Stopped by Antti Raanta without a rebound.
6:00 of 3rd period - Tyler Bozak wins face-off versus Mika Zibanejad in LOS ANGELES zone.
6:57 of 3rd period - Shot by Mike Hoffman.
6:57 of 3rd period - Shot Misses the Net.
6:59 of 3rd period - Shot by Nick Bonino.
6:59 of 3rd period - Shot Misses the Net.
7:01 of 3rd period - Shot by Nick Bonino.
7:01 of 3rd period - Stopped by James Reimer without a rebound.
7:02 of 3rd period - Travis Zajac wins face-off versus Brandon Sutter in CHICAGO zone.
7:33 of 3rd period - Shot by Sven Baertschi.
7:33 of 3rd period - Shot Misses the Net.
7:37 of 3rd period - Shot by Mikkel Boedker.
7:37 of 3rd period - Stopped by Antti Raanta without a rebound.
7:38 of 3rd period - Jonathan Toews wins face-off versus Frans Nielsen in LOS ANGELES zone.
8:57 of 3rd period - Shot by Mika Zibanejad.
8:57 of 3rd period - Shot Misses the Net.
8:59 of 3rd period - Shot by Kris Letang.
8:59 of 3rd period - Stopped by James Reimer without a rebound.
9:00 of 3rd period - Artem Anisimov wins face-off versus Brandon Sutter in CHICAGO zone.
9:14 of 3rd period - Shot by Brandon Sutter.
9:14 of 3rd period - Shot Blocked by Artem Anisimov.
9:31 of 3rd period - Michael Del Zotto is hit by Vladislav Namestnikov and loses puck.
10:07 of 3rd period - Shot by Erik Haula.
10:07 of 3rd period - Shot Blocked by Johnny Boychuk.
10:59 of 3rd period - Icing by Kris Letang.
11:00 of 3rd period - Tyler Bozak wins face-off versus Mika Zibanejad in LOS ANGELES zone.
11:00 of 3rd period - Nick Leddy is hit by Kris Letang and loses puck.
11:06 of 3rd period - Icing by Ryan McDonagh.
11:07 of 3rd period - Mika Zibanejad wins face-off versus Tyler Bozak in LOS ANGELES zone.
12:20 of 3rd period - Shot by Mike Hoffman.
12:20 of 3rd period - Stopped by James Reimer without a rebound.
12:21 of 3rd period - Nick Cousins wins face-off versus Connor Bunnaman in CHICAGO zone.
12:48 of 3rd period - Icing by Alex Goligoski.
12:49 of 3rd period - Nick Cousins wins face-off versus Frans Nielsen in LOS ANGELES zone.
13:03 of 3rd period - Gabriel Bourque is hit by Michael Del Zotto and loses puck.
13:24 of 3rd period - Shot by Milan Lucic.
13:24 of 3rd period - Stopped by Antti Raanta without a rebound.
13:25 of 3rd period - Jonathan Toews wins face-off versus Brandon Sutter in LOS ANGELES zone.
13:43 of 3rd period - Shot by Mikkel Boedker.
13:43 of 3rd period - Stopped by Antti Raanta without a rebound.
13:44 of 3rd period - Mika Zibanejad wins face-off versus Gustav Nyquist in LOS ANGELES zone.
13:48 of 3rd period - Minor Penalty to Travis Dermott for Tripping.
13:49 of 3rd period - Gustav Nyquist wins face-off versus Mika Zibanejad in CHICAGO zone.
14:16 of 3rd period - Shot by Mika Zibanejad.
14:16 of 3rd period - Shot Misses the Net.
14:26 of 3rd period - Shot by Ryan McDonagh.
14:26 of 3rd period - Shot Blocked by Nick Leddy.
14:28 of 3rd period - Shot by Ryan McDonagh.
14:28 of 3rd period - Stopped by James Reimer without a rebound.
14:29 of 3rd period - Jonathan Toews wins face-off versus Tyler Bozak in CHICAGO zone.
15:40 of 3rd period - Frans Nielsen is hit by Matthew Tkachuk and loses puck.
15:58 of 3rd period - Icing by Josh Manson.
15:59 of 3rd period - Travis Zajac wins face-off versus Brandon Sutter in LOS ANGELES zone.
16:15 of 3rd period - Shot by Travis Zajac.
16:15 of 3rd period - Goal by Travis Zajac - LOS ANGELES : 4 - CHICAGO : 2.
16:16 of 3rd period - Brett Murray wins face-off versus Nick Cousins in neutral zone.
17:06 of 3rd period - Shot by Gustav Nyquist.
17:06 of 3rd period - Shot Blocked by Kris Letang.
17:12 of 3rd period - Shot by Tyler Bozak.
17:12 of 3rd period - Stopped by Antti Raanta without a rebound.
17:13 of 3rd period - Mika Zibanejad wins face-off versus Frans Nielsen in LOS ANGELES zone.
18:11 of 3rd period - Shot by Cody Eakin.
18:11 of 3rd period - Shot Misses the Net.
18:13 of 3rd period - Shot by Gustav Nyquist.
18:13 of 3rd period - Stopped by Antti Raanta with a rebound.
18:15 of 3rd period - Shot by Gustav Nyquist.
18:15 of 3rd period - Stopped by Antti Raanta without a rebound.
18:16 of 3rd period - Brandon Sutter wins face-off versus Jonathan Toews in LOS ANGELES zone.
18:17 of 3rd period - Shot by Mikkel Boedker.
18:17 of 3rd period - Shot Misses the Net.
18:51 of 3rd period - Shot by Brandon Sutter.
18:51 of 3rd period - Stopped by Antti Raanta without a rebound.
18:52 of 3rd period - Travis Zajac wins face-off versus Tyler Bozak in LOS ANGELES zone.
19:11 of 3rd period - Shot by Vladislav Namestnikov.
19:11 of 3rd period - Stopped by James Reimer with a rebound.
19:13 of 3rd period - Shot by Travis Zajac.
19:13 of 3rd period - Shot Misses the Net.
19:55 of 3rd period - Shot by Riley Nash.
19:55 of 3rd period - Stopped by James Reimer without a rebound.
19:55 of 3rd period - Minor Penalty to Mark Pysyk for Interference.
19:56 of 3rd period - Mika Zibanejad wins face-off versus Frans Nielsen in CHICAGO zone.
Goals for this period are 1 for LOS ANGELES vs 0 for CHICAGO.
Shots for this period are 10 for LOS ANGELES vs 10 for CHICAGO.